Islanders vs Flyers

Created - January 30, 2024 at 21:06

Goals
1 2 3 T
Islanders 0 2 1 3
Flyers 1 0 0 1
Shots
1 2 3 T
Islanders 6 10 12 28
Flyers 10 13 7 30

GoalsPenalties
1st period
1. Flyers , Jake DeBrusk 7 (Aaron Ekblad 24, Vince Dunn 19) at 4:41
Justin Holl (NYI) for Interference (Minor) at 6:28
Vince Dunn (PHI) for Hooking (Minor) at 11:21
2nd period
2. Islanders , Matt Duchene 19 (Shayne Gostisbehere 15, Neal Pionk 18) at 0:10
3. Islanders , Kyle Palmieri 4 (Juuso Valimaki 3, Justin Holl 9) at 2:30
Victor Hedman (PHI) for Hooking (Minor) at 3:41
Tanner Jeannot (NYI) for Roughing (Minor) at 18:37
3rd period
4. Islanders , Brent Burns 7 (Jake Guentzel 18, Shea Theodore 25) at 19:22 (PP)
Shea Theodore (NYI) for Hooking (Minor) at 11:20
Jake DeBrusk (PHI) for Roughing (Minor) at 15:45
Eric Staal (PHI) for Goalie Interference (Minor) at 17:52
Justin Holl (NYI) for Tripping (Minor) at 19:31
Goalie Stats
John Gibson (NYI), 29 saves from 30 shots - (0.967), W, 10-9-0, 60:00 minutes
Linus Ullmark (PHI), 25 saves from 28 shots - (0.893), L, 25-16-4, 60:00 minutes
3 StarsOfficial
1 - John Gibson (NYI)
2 - Kyle Palmieri (NYI)
3 - Matt Duchene (NYI)
Referees : Kenny Anderson and Tim Peel
Linesman : Scott Cherrey and Derek Nansen
Game Note
No Game Note
Finance
Level 1 -- Attendance: 5861 (90.17%) -- Ticket Income $615,405
Level 2 -- Attendance: 4956 (99.12%) -- Ticket Income $371,700
Level 3 -- Attendance: 3022 (86.34%) -- Ticket Income $166,210
Level 4 -- Attendance: 1565 (100.00%) -- Ticket Income $62,600
Luxury Box -- Attendance: 881 (88.10%) -- Ticket Income $175,319
Game was played at the Wells Fargo Center.
Total Attendance: 16285 (92.71%)
Total Ticket Income: $1,391,234
Other Income: $347,808
Total Income: $1,739,042



Team Name Goals Shots Shots Attemp Shots Blocked PIM HIT PP PK FO%
Islanders 32853118301 / 4 (25%)050%
Flyers 1304968280 / 4 (0%)150%

Islanders
Player Name POS G A P +/- PIM HIT SHT SB MP PP MP PP SHT PK MP PK SHT FO% FOT
Brent BurnsD101-1012424:242:4923:3700% 0
Chandler StephensonC000-1032018:433:2421:41041% 17
Jake GuentzelLW0111033021:144:0300:5000% 2
Jean-Gabriel PageauC0001022014:510:0004:44063% 24
Jon MarchessaultLW/RW0001051019:453:2400:0000% 0
Jujhar KhairaLW000000107:350:0001:330100% 1
Justin HollD0111410116:050:0001:0400% 0
Juuso ValimakiD0111010312:320:0000:0000% 0
Kevin RooneyC000000007:350:0001:33033% 6
Kyle PalmieriC1011022010:070:0000:0000% 0
Mason MarchmentLW0001021010:150:0800:0000% 0
Matt DucheneC1011003020:244:0300:00055% 20
Michael BuntingLW000-1021017:023:2400:00050% 2
Neal PionkD0111021223:044:3802:4800% 0
Pavel BuchnevichLW000-1003017:333:5500:0000% 2
Shayne GostisbehereD0111003020:334:3812:4800% 0
Shea TheodoreD011-1213123:192:4922:3300% 0
Tanner JeannotLW000025008:300:0002:2900% 0
Flyers
Player Name POS G A P +/- PIM HIT SHT SB MP PP MP PP SHT PK MP PK SHT FO% FOT
Aaron EkbladD0111023219:432:5323:1800% 0
Alex PietrangeloD000-1030024:553:3204:0900% 0
Brandon TanevLW000-1031018:090:0000:0000% 0
Calle JarnkrokC000-1002018:090:0000:00063% 19
Chris TanevD000-1020015:220:0000:0000% 0
Dante FabbroD000-1040117:130:0001:5100% 0
Eetu LuostarinenC0001013015:513:2600:00058% 19
Eric StaalC000-1203018:080:0000:0000% 0
Fabian ZetterlundLW000001000:230:0000:2300% 0
Jake DeBruskLW1011203015:503:2600:000100% 1
Jared McCannLW0001022017:593:2612:08050% 2
Joel FarabeeLW000000000:230:0000:2300% 0
Johnny GaudreauLW000-1002023:292:5904:56050% 2
Robert ThomasC000-1044020:412:5912:08030% 20
Sam LaffertyC000000000:000:0000:0000% 0
Victor HedmanD000-1235323:543:3223:0900% 0
Vince DunnD0111202018:512:5322:2700% 0
William NylanderRW000-1030023:292:5904:56045% 11



Play-by-Play

1st period


0:01 of 1st period - Robert Thomas wins face-off versus Matt Duchene in neutral zone.
0:28 of 1st period - Shot by Robert Thomas.
0:28 of 1st period - Stopped by John Gibson with a rebound.
1:19 of 1st period - Michael Bunting is hit by Aaron Ekblad and loses puck.
1:25 of 1st period - Chandler Stephenson is hit by Aaron Ekblad and loses puck.
1:56 of 1st period - Icing by Justin Holl.
1:57 of 1st period - Calle Jarnkrok wins face-off versus Jean-Gabriel Pageau in Islanders zone.
1:57 of 1st period - Chris Tanev is hit by Juuso Valimaki and loses puck.
2:13 of 1st period - Icing by Brandon Tanev.
2:14 of 1st period - Calle Jarnkrok wins face-off versus Kevin Rooney in Flyers zone.
2:53 of 1st period - Brent Burns is hit by Chris Tanev and loses puck.
3:30 of 1st period - Victor Hedman is hit by Jake Guentzel and loses puck.
3:43 of 1st period - Shot by Jake Guentzel.
3:43 of 1st period - Shot Misses the Net.
4:19 of 1st period - Jake DeBrusk is hit by Jon Marchessault and loses puck.
4:27 of 1st period - Icing by Aaron Ekblad.
4:28 of 1st period - Eetu Luostarinen wins face-off versus Chandler Stephenson in Flyers zone.
4:37 of 1st period - Shot by Aaron Ekblad.
4:37 of 1st period - Stopped by John Gibson with a rebound.
4:39 of 1st period - Shot by Jake DeBrusk.
4:39 of 1st period - Shot Blocked by Brent Burns.
4:41 of 1st period - Shot by Jake DeBrusk.
4:41 of 1st period - Goal by Jake DeBrusk - Islanders : 0 - Flyers : 1.
4:42 of 1st period - Jean-Gabriel Pageau wins face-off versus Calle Jarnkrok in neutral zone.
5:01 of 1st period - Shot by Kyle Palmieri.
5:01 of 1st period - Stopped by Linus Ullmark with a rebound.
5:21 of 1st period - Shot by Brandon Tanev.
5:21 of 1st period - Stopped by John Gibson without a rebound.
5:22 of 1st period - Eetu Luostarinen wins face-off versus Michael Bunting in Islanders zone.
5:42 of 1st period - Shot by Eetu Luostarinen.
5:42 of 1st period - Stopped by John Gibson without a rebound.
5:43 of 1st period - Kevin Rooney wins face-off versus Robert Thomas in Islanders zone.
6:01 of 1st period - William Nylander is hit by Justin Holl and loses puck.
6:17 of 1st period - Tanner Jeannot is hit by William Nylander.
6:28 of 1st period - Minor Penalty to Justin Holl for Interference.
6:29 of 1st period - Jean-Gabriel Pageau wins face-off versus Eetu Luostarinen in Islanders zone.
6:29 of 1st period - Jean-Gabriel Pageau is hit by Jared McCann.
6:38 of 1st period - Victor Hedman is hit by Tanner Jeannot.
7:54 of 1st period - Shot by Vince Dunn.
7:54 of 1st period - Shot Blocked by Shea Theodore.
7:56 of 1st period - Shot by Aaron Ekblad.
7:56 of 1st period - Stopped by John Gibson with a rebound.
8:00 of 1st period - Shot by Vince Dunn.
8:00 of 1st period - Deflect By William Nylander.
8:00 of 1st period - Shot Blocked by Brent Burns.
8:02 of 1st period - Shot by Vince Dunn.
8:02 of 1st period - Stopped by John Gibson without a rebound.
8:03 of 1st period - Jean-Gabriel Pageau wins face-off versus Robert Thomas in Islanders zone.
8:45 of 1st period - Shot by Calle Jarnkrok.
8:45 of 1st period - Stopped by John Gibson without a rebound.
8:46 of 1st period - Chandler Stephenson wins face-off versus Eetu Luostarinen in Islanders zone.
8:46 of 1st period - Chandler Stephenson is hit by Eetu Luostarinen.
10:14 of 1st period - Shot by Eric Staal.
10:14 of 1st period - Stopped by John Gibson without a rebound.
10:15 of 1st period - Jean-Gabriel Pageau wins face-off versus William Nylander in Islanders zone.
10:28 of 1st period - Shot by Mason Marchment.
10:28 of 1st period - Stopped by Linus Ullmark with a rebound.
10:30 of 1st period - Shot by Jean-Gabriel Pageau.
10:30 of 1st period - Stopped by Linus Ullmark without a rebound.
10:31 of 1st period - Calle Jarnkrok wins face-off versus Kevin Rooney in Flyers zone.
11:21 of 1st period - Minor Penalty to Vince Dunn for Hooking.
11:22 of 1st period - William Nylander wins face-off versus Matt Duchene in Flyers zone.
11:22 of 1st period - Alex Pietrangelo is hit by Jake Guentzel and loses puck.
12:18 of 1st period - Icing by Brent Burns.
12:19 of 1st period - Chandler Stephenson wins face-off versus William Nylander in Islanders zone.
12:19 of 1st period - Chandler Stephenson is hit by William Nylander.
12:37 of 1st period - Shot by Jon Marchessault.
12:37 of 1st period - Shot Misses the Net.
12:39 of 1st period - Shot by Jon Marchessault.
12:39 of 1st period - Shot Hit the Post.
12:41 of 1st period - Shot by Brent Burns.
12:41 of 1st period - Stopped by Linus Ullmark with a rebound.
12:43 of 1st period - Shot by Shea Theodore.
12:43 of 1st period - Stopped by Linus Ullmark without a rebound.
12:44 of 1st period - Matt Duchene wins face-off versus Jared McCann in Flyers zone.
13:49 of 1st period - Shot by Jake DeBrusk.
13:49 of 1st period - Stopped by John Gibson with a rebound.
16:45 of 1st period - Icing by Robert Thomas.
16:46 of 1st period - Jean-Gabriel Pageau wins face-off versus Robert Thomas in Flyers zone.
16:55 of 1st period - Aaron Ekblad is hit by Kyle Palmieri and loses puck.
17:46 of 1st period - Eetu Luostarinen is hit by Mason Marchment and loses puck.
18:05 of 1st period - Off-side.
18:06 of 1st period - Eetu Luostarinen wins face-off versus Matt Duchene in neutral zone.
18:33 of 1st period - Jake DeBrusk is hit by Jon Marchessault and loses puck.
19:09 of 1st period - Shot by Pavel Buchnevich.
19:09 of 1st period - Shot Blocked by Aaron Ekblad.
19:47 of 1st period - Shot by Pavel Buchnevich.
19:47 of 1st period - Stopped by Linus Ullmark with a rebound.
Goals for this period are 0 for Islanders vs 1 for Flyers.
Shots for this period are 6 for Islanders vs 10 for Flyers.

2nd period


0:01 of 2nd period - Robert Thomas wins face-off versus Matt Duchene in neutral zone.
0:10 of 2nd period - Shot by Matt Duchene.
0:10 of 2nd period - Goal by Matt Duchene - Islanders : 1 - Flyers : 1.
0:11 of 2nd period - Jake DeBrusk wins face-off versus Chandler Stephenson in neutral zone.
0:20 of 2nd period - Shot by Jared McCann.
0:20 of 2nd period - Stopped by John Gibson with a rebound.
0:22 of 2nd period - Shot by Victor Hedman.
0:22 of 2nd period - Stopped by John Gibson without a rebound.
0:23 of 2nd period - Matt Duchene wins face-off versus Robert Thomas in Islanders zone.
0:23 of 2nd period - Matt Duchene is hit by Robert Thomas.
0:45 of 2nd period - Shot by Robert Thomas.
0:45 of 2nd period - Stopped by John Gibson without a rebound.
0:46 of 2nd period - Eetu Luostarinen wins face-off versus Chandler Stephenson in Islanders zone.
0:46 of 2nd period - Vince Dunn is hit by Shea Theodore and loses puck.
1:48 of 2nd period - Icing by Neal Pionk.
1:49 of 2nd period - Matt Duchene wins face-off versus Robert Thomas in Islanders zone.
1:49 of 2nd period - Matt Duchene is hit by Robert Thomas.
1:54 of 2nd period - Matt Duchene is hit by William Nylander.
2:18 of 2nd period - Shot by Johnny Gaudreau.
2:18 of 2nd period - Stopped by John Gibson without a rebound.
2:19 of 2nd period - Jean-Gabriel Pageau wins face-off versus Calle Jarnkrok in Islanders zone.
2:30 of 2nd period - Shot by Kyle Palmieri.
2:30 of 2nd period - Goal by Kyle Palmieri - Islanders : 2 - Flyers : 1.
2:31 of 2nd period - Calle Jarnkrok wins face-off versus Chandler Stephenson in neutral zone.
2:49 of 2nd period - Shot by Pavel Buchnevich.
2:49 of 2nd period - Shot Misses the Net.
3:00 of 2nd period - Chandler Stephenson is hit by Victor Hedman and loses puck.
3:10 of 2nd period - Pavel Buchnevich is hit by Victor Hedman and loses puck.
3:18 of 2nd period - Pavel Buchnevich is hit by Alex Pietrangelo.
3:38 of 2nd period - Shot by Matt Duchene.
3:38 of 2nd period - Shot Hit the Post.
3:41 of 2nd period - Minor Penalty to Victor Hedman for Hooking.
3:42 of 2nd period - William Nylander wins face-off versus Matt Duchene in Flyers zone.
3:50 of 2nd period - Icing by Neal Pionk.
3:51 of 2nd period - William Nylander wins face-off versus Pavel Buchnevich in Islanders zone.
4:11 of 2nd period - Icing by Shayne Gostisbehere.
4:12 of 2nd period - Matt Duchene wins face-off versus William Nylander in Islanders zone.
4:28 of 2nd period - Shot by Shayne Gostisbehere.
4:28 of 2nd period - Stopped by Linus Ullmark with a rebound.
5:13 of 2nd period - Jon Marchessault is hit by Alex Pietrangelo and loses puck.
5:52 of 2nd period - Calle Jarnkrok is hit by Tanner Jeannot and loses puck.
6:22 of 2nd period - Shot by Eric Staal.
6:22 of 2nd period - Stopped by John Gibson without a rebound.
6:23 of 2nd period - Jean-Gabriel Pageau wins face-off versus Robert Thomas in Islanders zone.
6:36 of 2nd period - Shot by Jean-Gabriel Pageau.
6:36 of 2nd period - Stopped by Linus Ullmark without a rebound.
6:37 of 2nd period - Eetu Luostarinen wins face-off versus Jake Guentzel in Flyers zone.
6:53 of 2nd period - Shot by Jared McCann.
6:53 of 2nd period - Shot Blocked by Brent Burns.
6:55 of 2nd period - Shot by Eetu Luostarinen.
6:55 of 2nd period - Stopped by John Gibson without a rebound.
6:56 of 2nd period - Chandler Stephenson wins face-off versus Robert Thomas in Islanders zone.
6:58 of 2nd period - Neal Pionk is hit by Robert Thomas and loses puck.
7:12 of 2nd period - Shot by Robert Thomas.
7:12 of 2nd period - Shot Blocked by Neal Pionk.
7:40 of 2nd period - Shot by Chandler Stephenson.
7:40 of 2nd period - Shot Misses the Net.
8:59 of 2nd period - Shot by Calle Jarnkrok.
8:59 of 2nd period - Stopped by John Gibson without a rebound.
9:00 of 2nd period - Jean-Gabriel Pageau wins face-off versus Calle Jarnkrok in Islanders zone.
9:19 of 2nd period - Shot by Kyle Palmieri.
9:19 of 2nd period - Shot Misses the Net.
9:24 of 2nd period - Jean-Gabriel Pageau is hit by Dante Fabbro.
9:34 of 2nd period - Eric Staal is hit by Mason Marchment and loses puck.
9:46 of 2nd period - Chris Tanev is hit by Jean-Gabriel Pageau and loses puck.
10:20 of 2nd period - Shot by Michael Bunting.
10:20 of 2nd period - Stopped by Linus Ullmark without a rebound.
10:21 of 2nd period - Jujhar Khaira wins face-off versus Robert Thomas in Flyers zone.
10:41 of 2nd period - Icing by Robert Thomas.
10:42 of 2nd period - Robert Thomas wins face-off versus Matt Duchene in Flyers zone.
10:52 of 2nd period - Jon Marchessault is hit by Alex Pietrangelo and loses puck.
11:28 of 2nd period - Shot by Jake Guentzel.
11:28 of 2nd period - Shot Misses the Net.
11:40 of 2nd period - Shot by Neal Pionk.
11:40 of 2nd period - Stopped by Linus Ullmark with a rebound.
11:42 of 2nd period - Shot by Shayne Gostisbehere.
11:42 of 2nd period - Stopped by Linus Ullmark without a rebound.
11:43 of 2nd period - Jared McCann wins face-off versus Jean-Gabriel Pageau in Flyers zone.
11:45 of 2nd period - Icing by Aaron Ekblad.
11:46 of 2nd period - Eetu Luostarinen wins face-off versus Chandler Stephenson in Flyers zone.
11:46 of 2nd period - Eetu Luostarinen is hit by Michael Bunting.
12:02 of 2nd period - Shot by Jake DeBrusk.
12:02 of 2nd period - Stopped by John Gibson without a rebound.
12:03 of 2nd period - Calle Jarnkrok wins face-off versus Jean-Gabriel Pageau in Islanders zone.
12:04 of 2nd period - Shot by Brandon Tanev.
12:04 of 2nd period - Shot Misses the Net.
12:06 of 2nd period - Shot by Eric Staal.
12:06 of 2nd period - Shot Blocked by Juuso Valimaki.
12:46 of 2nd period - Icing by Juuso Valimaki.
12:47 of 2nd period - Jean-Gabriel Pageau wins face-off versus Eetu Luostarinen in Islanders zone.
12:52 of 2nd period - Alex Pietrangelo is hit by Kyle Palmieri and loses puck.
13:06 of 2nd period - Jared McCann is hit by Neal Pionk and loses puck.
13:41 of 2nd period - Shot by Jake Guentzel.
13:41 of 2nd period - Shot Misses the Net.
13:43 of 2nd period - Shot by Shayne Gostisbehere.
13:43 of 2nd period - Stopped by Linus Ullmark without a rebound.
13:44 of 2nd period - Michael Bunting wins face-off versus Robert Thomas in Flyers zone.
13:57 of 2nd period - Aaron Ekblad is hit by Chandler Stephenson and loses puck.
14:09 of 2nd period - Shot by Brent Burns.
14:09 of 2nd period - Shot Blocked by Aaron Ekblad.
14:31 of 2nd period - Icing by Pavel Buchnevich.
14:32 of 2nd period - Chandler Stephenson wins face-off versus Calle Jarnkrok in Islanders zone.
14:57 of 2nd period - Shot by Jake Guentzel.
14:57 of 2nd period - Stopped by Linus Ullmark with a rebound.
15:01 of 2nd period - Shot by Jon Marchessault.
15:01 of 2nd period - Shot Misses the Net.
15:04 of 2nd period - Jon Marchessault is hit by Dante Fabbro and loses puck.
15:21 of 2nd period - Shot by Matt Duchene.
15:21 of 2nd period - Shot Blocked by Dante Fabbro.
15:23 of 2nd period - Shot by Jake Guentzel.
15:23 of 2nd period - Stopped by Linus Ullmark without a rebound.
15:24 of 2nd period - Jean-Gabriel Pageau wins face-off versus Eetu Luostarinen in Flyers zone.
16:40 of 2nd period - Icing by Shea Theodore.
16:41 of 2nd period - Calle Jarnkrok wins face-off versus Chandler Stephenson in Islanders zone.
17:31 of 2nd period - Off-side.
17:32 of 2nd period - Matt Duchene wins face-off versus Robert Thomas in neutral zone.
17:51 of 2nd period - Shot by Victor Hedman.
17:51 of 2nd period - Stopped by John Gibson with a rebound.
18:01 of 2nd period - Alex Pietrangelo is hit by Jon Marchessault and loses puck.
18:37 of 2nd period - Minor Penalty to Tanner Jeannot for Roughing.
18:38 of 2nd period - Jean-Gabriel Pageau wins face-off versus Eetu Luostarinen in Islanders zone.
18:38 of 2nd period - Jean-Gabriel Pageau is hit by Jared McCann.
19:14 of 2nd period - Shot by Aaron Ekblad.
19:14 of 2nd period - Stopped by John Gibson without a rebound.
19:15 of 2nd period - Jean-Gabriel Pageau wins face-off versus Robert Thomas in Islanders zone.
19:15 of 2nd period - Jean-Gabriel Pageau is hit by Robert Thomas.
19:41 of 2nd period - Shot by Victor Hedman.
19:41 of 2nd period - Stopped by John Gibson without a rebound.
19:42 of 2nd period - Eetu Luostarinen wins face-off versus Jean-Gabriel Pageau in Islanders zone.
19:43 of 2nd period - Shot by Jared McCann.
19:43 of 2nd period - Deflect By Jake DeBrusk.
19:43 of 2nd period - Shot Blocked by Brent Burns.
19:57 of 2nd period - Shot by Jared McCann.
19:57 of 2nd period - Stopped by John Gibson with a rebound.
19:59 of 2nd period - Shot by Vince Dunn.
19:59 of 2nd period - Stopped by John Gibson without a rebound.
Goals for this period are 2 for Islanders vs 0 for Flyers.
Shots for this period are 10 for Islanders vs 13 for Flyers.

3rd period


0:01 of 3rd period - Robert Thomas wins face-off versus Jean-Gabriel Pageau in neutral zone.
0:20 of 3rd period - Shot by Robert Thomas.
0:20 of 3rd period - Stopped by John Gibson without a rebound.
0:21 of 3rd period - Jean-Gabriel Pageau wins face-off versus Eetu Luostarinen in Islanders zone.
0:35 of 3rd period - Jared McCann is hit by Jean-Gabriel Pageau and loses puck.
0:40 of 3rd period - Justin Holl is hit by Brandon Tanev and loses puck.
0:51 of 3rd period - Shot by Brandon Tanev.
0:51 of 3rd period - Shot Blocked by Juuso Valimaki.
0:53 of 3rd period - Shot by Eric Staal.
0:53 of 3rd period - Deflect By Brandon Tanev.
0:53 of 3rd period - Shot Blocked by Juuso Valimaki.
3:27 of 3rd period - Brandon Tanev is hit by Tanner Jeannot and loses puck.
3:43 of 3rd period - Icing by Juuso Valimaki.
3:44 of 3rd period - Kevin Rooney wins face-off versus Robert Thomas in Islanders zone.
4:40 of 3rd period - Icing by Eetu Luostarinen.
4:41 of 3rd period - Eetu Luostarinen wins face-off versus Chandler Stephenson in Flyers zone.
4:41 of 3rd period - Eetu Luostarinen is hit by Michael Bunting.
4:44 of 3rd period - Aaron Ekblad is hit by Chandler Stephenson and loses puck.
5:12 of 3rd period - Shot by Pavel Buchnevich.
5:12 of 3rd period - Stopped by Linus Ullmark without a rebound.
5:13 of 3rd period - Calle Jarnkrok wins face-off versus Matt Duchene in Flyers zone.
5:28 of 3rd period - Eric Staal is hit by Jon Marchessault and loses puck.
6:33 of 3rd period - Shot by Alex Pietrangelo.
6:33 of 3rd period - Deflect By Robert Thomas.
6:33 of 3rd period - Shot Misses the Net.
6:35 of 3rd period - Shot by Victor Hedman.
6:35 of 3rd period - Shot Blocked by Neal Pionk.
6:37 of 3rd period - Shot by Victor Hedman.
6:37 of 3rd period - Stopped by John Gibson with a rebound.
7:03 of 3rd period - Shot by Neal Pionk.
7:03 of 3rd period - Shot Blocked by Victor Hedman.
7:27 of 3rd period - Shot by Jared McCann.
7:27 of 3rd period - Shot Misses the Net.
7:47 of 3rd period - Shot by Jared McCann.
7:47 of 3rd period - Deflect By Eetu Luostarinen.
7:47 of 3rd period - Stopped by John Gibson without a rebound.
7:48 of 3rd period - Calle Jarnkrok wins face-off versus Jean-Gabriel Pageau in Islanders zone.
7:52 of 3rd period - Brandon Tanev is hit by Brent Burns and loses puck.
8:01 of 3rd period - Shot by Kyle Palmieri.
8:01 of 3rd period - Shot Misses the Net.
8:45 of 3rd period - Juuso Valimaki is hit by Brandon Tanev and loses puck.
8:54 of 3rd period - Shot by Jon Marchessault.
8:54 of 3rd period - Shot Misses the Net.
8:56 of 3rd period - Shot by Matt Duchene.
8:56 of 3rd period - Deflect By Jon Marchessault.
8:56 of 3rd period - Stopped by Linus Ullmark with a rebound.
8:58 of 3rd period - Shot by Matt Duchene.
8:58 of 3rd period - Stopped by Linus Ullmark without a rebound.
8:59 of 3rd period - Robert Thomas wins face-off versus Kevin Rooney in Flyers zone.
8:59 of 3rd period - Robert Thomas is hit by Tanner Jeannot.
9:06 of 3rd period - Victor Hedman is hit by Neal Pionk and loses puck.
9:19 of 3rd period - Shot by Jujhar Khaira.
9:19 of 3rd period - Shot Misses the Net.
9:23 of 3rd period - Shot by Jujhar Khaira.
9:23 of 3rd period - Shot Misses the Net.
9:25 of 3rd period - Shot by Jujhar Khaira.
9:25 of 3rd period - Stopped by Linus Ullmark without a rebound.
9:26 of 3rd period - Matt Duchene wins face-off versus Eetu Luostarinen in Flyers zone.
9:27 of 3rd period - Shot by Jake Guentzel.
9:27 of 3rd period - Stopped by Linus Ullmark without a rebound.
9:28 of 3rd period - Eetu Luostarinen wins face-off versus Jake Guentzel in Flyers zone.
9:28 of 3rd period - Eetu Luostarinen is hit by Jon Marchessault.
9:52 of 3rd period - Shot by Jared McCann.
9:52 of 3rd period - Shot Misses the Net.
10:00 of 3rd period - Vince Dunn is hit by Jake Guentzel and loses puck.
10:05 of 3rd period - Shot by Matt Duchene.
10:05 of 3rd period - Deflect By Jake Guentzel.
10:05 of 3rd period - Shot Misses the Net.
10:07 of 3rd period - Shot by Matt Duchene.
10:07 of 3rd period - Stopped by Linus Ullmark without a rebound.
10:08 of 3rd period - Johnny Gaudreau wins face-off versus Chandler Stephenson in Flyers zone.
10:25 of 3rd period - Shot by Johnny Gaudreau.
10:25 of 3rd period - Stopped by John Gibson without a rebound.
10:26 of 3rd period - Jean-Gabriel Pageau wins face-off versus Calle Jarnkrok in Islanders zone.
11:13 of 3rd period - Icing by Eric Staal.
11:14 of 3rd period - Calle Jarnkrok wins face-off versus Matt Duchene in Flyers zone.
11:20 of 3rd period - Minor Penalty to Shea Theodore for Hooking.
11:21 of 3rd period - Robert Thomas wins face-off versus Jean-Gabriel Pageau in Islanders zone.
11:22 of 3rd period - Shot by Victor Hedman.
11:22 of 3rd period - Shot Misses the Net.
11:24 of 3rd period - Shot by Victor Hedman.
11:24 of 3rd period - Stopped by John Gibson without a rebound.
11:25 of 3rd period - Jean-Gabriel Pageau wins face-off versus Robert Thomas in Islanders zone.
12:20 of 3rd period - Shot by Chandler Stephenson.
12:20 of 3rd period - Shot Blocked by Victor Hedman.
12:22 of 3rd period - Shot by Chandler Stephenson.
12:22 of 3rd period - Shot Misses the Net.
12:24 of 3rd period - Shot by Neal Pionk.
12:24 of 3rd period - Shot Blocked by Victor Hedman.
13:27 of 3rd period - Icing by Brent Burns.
13:28 of 3rd period - Calle Jarnkrok wins face-off versus Matt Duchene in Islanders zone.
13:29 of 3rd period - Shot by Eric Staal.
13:29 of 3rd period - Stopped by John Gibson without a rebound.
13:30 of 3rd period - Matt Duchene wins face-off versus Calle Jarnkrok in Islanders zone.
13:30 of 3rd period - Matt Duchene is hit by Brandon Tanev.
13:39 of 3rd period - Jake Guentzel is hit by Chris Tanev and loses puck.
14:03 of 3rd period - Jake Guentzel is hit by Dante Fabbro and loses puck.
14:09 of 3rd period - Icing by Brandon Tanev.
14:10 of 3rd period - Calle Jarnkrok wins face-off versus Pavel Buchnevich in Flyers zone.
14:10 of 3rd period - Calle Jarnkrok is hit by Chandler Stephenson.
14:27 of 3rd period - Icing by Chris Tanev.
14:28 of 3rd period - Calle Jarnkrok wins face-off versus Kevin Rooney in Flyers zone.
14:28 of 3rd period - Calle Jarnkrok is hit by Tanner Jeannot.
14:31 of 3rd period - Icing by Chris Tanev.
14:32 of 3rd period - Matt Duchene wins face-off versus Calle Jarnkrok in Flyers zone.
14:48 of 3rd period - Matt Duchene is hit by Dante Fabbro and loses puck.
14:53 of 3rd period - Shot by Jon Marchessault.
14:53 of 3rd period - Shot Misses the Net.
14:55 of 3rd period - Shot by Shea Theodore.
14:55 of 3rd period - Stopped by Linus Ullmark without a rebound.
14:56 of 3rd period - Chandler Stephenson wins face-off versus Robert Thomas in Flyers zone.
15:03 of 3rd period - Shot by Pavel Buchnevich.
15:03 of 3rd period - Stopped by Linus Ullmark with a rebound.
15:15 of 3rd period - Shot by Robert Thomas.
15:15 of 3rd period - Shot Misses the Net.
15:17 of 3rd period - Shot by Victor Hedman.
15:17 of 3rd period - Shot Misses the Net.
15:19 of 3rd period - Shot by Robert Thomas.
15:19 of 3rd period - Stopped by John Gibson without a rebound.
15:20 of 3rd period - Matt Duchene wins face-off versus Eetu Luostarinen in Islanders zone.
15:45 of 3rd period - Minor Penalty to Jake DeBrusk for Roughing.
15:46 of 3rd period - Chandler Stephenson wins face-off versus William Nylander in Flyers zone.
16:02 of 3rd period - Icing by Michael Bunting.
16:03 of 3rd period - William Nylander wins face-off versus Chandler Stephenson in Islanders zone.
16:09 of 3rd period - Icing by Neal Pionk.
16:10 of 3rd period - William Nylander wins face-off versus Chandler Stephenson in Islanders zone.
16:37 of 3rd period - Shot by Chandler Stephenson.
16:37 of 3rd period - Stopped by Linus Ullmark without a rebound.
16:38 of 3rd period - Matt Duchene wins face-off versus William Nylander in Flyers zone.
17:10 of 3rd period - Pavel Buchnevich is hit by Victor Hedman and loses puck.
17:52 of 3rd period - Minor Penalty to Eric Staal for Goalie Interference.
17:53 of 3rd period - Chandler Stephenson wins face-off versus Johnny Gaudreau in Flyers zone.
18:02 of 3rd period - Shot by Jon Marchessault.
18:02 of 3rd period - Shot Misses the Net.
18:04 of 3rd period - Shot by Chandler Stephenson.
18:04 of 3rd period - Deflect By Michael Bunting.
18:04 of 3rd period - Shot Misses the Net.
18:06 of 3rd period - Shot by Chandler Stephenson.
18:06 of 3rd period - Stopped by Linus Ullmark with a rebound.
18:51 of 3rd period - Jake Guentzel is hit by Fabian Zetterlund and loses puck.
19:00 of 3rd period - Shot by Shea Theodore.
19:00 of 3rd period - Stopped by Linus Ullmark without a rebound.
19:01 of 3rd period - Matt Duchene wins face-off versus William Nylander in Flyers zone.
19:22 of 3rd period - Shot by Brent Burns.
19:22 of 3rd period - Goal by Brent Burns - Islanders : 3 - Flyers : 1.
19:23 of 3rd period - Eetu Luostarinen wins face-off versus Jean-Gabriel Pageau in neutral zone.
19:26 of 3rd period - Shot by Chris Tanev.
19:26 of 3rd period - Shot Blocked by Justin Holl.
19:31 of 3rd period - Minor Penalty to Justin Holl for Tripping.
19:32 of 3rd period - Eetu Luostarinen wins face-off versus Jean-Gabriel Pageau in Islanders zone.
19:33 of 3rd period - Shot by Alex Pietrangelo.
19:33 of 3rd period - Shot Misses the Net.
Goals for this period are 1 for Islanders vs 0 for Flyers.
Shots for this period are 12 for Islanders vs 7 for Flyers.